 Dungeon Crawl Stone Soup version 0.29.0-5-ge4962eb29e (webtiles) character file.

Game seed: 17550016105449649183

588 benadryl the Slasher (level 7, -1/61 HPs)
             Began as a Meteoran Fighter on Aug 28, 2022.
             Was an Initiate of Okawaru.
             Slain by Pikel
             ... wielding a +0 whip of flaming
              (2 damage)
             ... on level 5 of the Dungeon.
             The game lasted 00:11:29 (2434 turns).

benadryl the Slasher (Meteoran Fighter)             Turns: 2434, Time: 00:11:30

Health: -1/61      AC: 10    Str: 18    XL:     7   Next: 98%
Magic:  9/9        EV:  6    Int:  9    God:    Okawaru [......]
Gold:   223        SH:  6    Dex: 16    Spells: 6/6 levels left

rFire   . . .      SeeInvis .   a - +0 long sword
rCold   . . .      Faith    .   c - +0 buckler
rNeg    . . .      Spirit   .   h - +0 chain mail
rPois   .          Reflect  .   j - +0 helmet
rElec   .          Harm     .   (no cloak)
rCorr   .          Rampage  .   (no gloves)
Will    .....                   (no boots)
Stlth   ..........              (no amulet)
HPRegen 0.20/turn               p - ring of flight
MPRegen 0.11/turn               (no ring)

@: flying, glowing
A: sense surroundings 1, otherworldly, glowing, explore regen
a: Renounce Religion


You were on level 5 of the Dungeon.
You worshipped Okawaru.
Okawaru was noncommittal.
You visited 2 branches of the dungeon, and saw 6 of its levels.

You collected 223 gold pieces.

Inventory:

Hand Weapons
 a - a +0 long sword (weapon)
Missiles
 l - a throwing net (quivered)
Armour
 c - a +0 buckler (worn)
 h - a +0 chain mail (worn)
 j - a +0 helmet (worn)
Jewellery
 p - a ring of flight (left hand)
Scrolls
 e - 2 scrolls of immolation
 g - 2 scrolls of amnesia
 i - a scroll of vulnerability {unknown}
 k - a scroll of teleportation {unknown}
 m - a scroll of enchant armour {unknown}
 o - a scroll of torment {unknown}
 r - 2 scrolls of poison
Potions
 d - a potion of curing {@q1}
 f - 2 potions of degeneration
 n - 4 potions of attraction
 q - a potion of invisibility


   Skills:
 + Level 5.2 Fighting
 * Level 6.9 Long Blades
 + Level 3.6 Armour
 - Level 5.5 Shields
 + Level 1.7 Invocations


You had 6 spell levels left.
You didn't know any spells.
Your spell library contained the following spells:

 Spells                   Type           Power      Damage    Failure   Level
 Sublimation of Blood     Necr           0%         N/A       100%        2
 Wereblood                Tmut           0%         N/A       100%        2
 Portal Projectile        Hex/Tloc       0%         N/A       100%        3
 Blade Hands              Tmut           0%         N/A       100%        5
 Tukima's Dance           Hex            Unusable   N/A       N/A         3
 Summon Hydra             Summ           Unusable   N/A       N/A         7

Dungeon Overview and Level Annotations

Branches:
Dungeon (5/15) Zot: 645    Temple (1/1) D:5 Zot: 451

Altars:
Cheibriados
Elyvilon
Gozag
Makhleb
Okawaru
Sif Muna
Trog
Xom
Yredelemnul
The Shining One

Annotations:
D:3 2 transporters, Flarelocke's ghost, amateur TrFi; Sigmund
D:5 1 runed translucent door, GigaChad's ghost, novice MiFi; Pikel


Innate Abilities, Weirdness & Mutations

You passively map a small area around you.
You are easily found by Zot.
You glow in the dark.
You regain HP and MP as you explore.


Message History

You hit Pikel.
Pikel is heavily wounded.
Pikel hits you with a +0 whip of flaming!
Pikel burns you.
You closely miss Pikel.
Pikel is heavily wounded.
Pikel hits you with a +0 whip of flaming!
Pikel burns you. Pikel hits you but does no damage. You block Pikel's attack.
You block Pikel's attack. Pikel completely misses you.
You reach down and open the door.
Pikel barely misses you.
Pikel hits you with a +0 whip of flaming.
* * * LOW HITPOINT WARNING * * *
Pikel burns you.
* * * LOW HITPOINT WARNING * * *
There is an open door here.
Pikel attacks as you move away! Pikel barely misses you.
Pikel hits you but does no damage.
You slash the adder!
You kill the adder!
Okawaru accepts your kill. Pikel hits you but does no damage.
You closely miss Pikel.
Pikel is moderately wounded.
Pikel hits you with a +0 whip of flaming.
* * * LOW HITPOINT WARNING * * *
Pikel burns you.
* * * LOW HITPOINT WARNING * * *
You block Pikel's attack.
You hit Pikel but do no damage.
Pikel is moderately wounded.
Pikel hits you with a +0 whip of flaming!
* * * LOW HITPOINT WARNING * * *
Pikel burns you.
* * * LOW HITPOINT WARNING * * *
Pikel hits you with a +0 whip of flaming.
* * * LOW HITPOINT WARNING * * *
Pikel burns you.
You die...

......#.....#
............# , ,
#....#.....#
#....#..############ ,
.#+#....#.............#
..?.....#5###########.#
........#5#### #...#
........#....## #.### ,
, * * #.@#.....#####.#
# #..K55...##....# *
.#.#..#.....##.#### , ,
........[.....># ,
.............##.# ,
,..######........# .
+......#+###### ,,
..#..........# *
.............#


You could see Pikel (fast) and 2 lemures.

Vanquished Creatures
  A black bear (D:5)
  A lemure (D:5)
  A necrophage (D:4)
  A scorpion (D:4)
  A jelly (D:5)
  A hound (D:5)
  An orc priest (D:3)
  An iguana (D:4)
  Robin (D:2)
  10 gnolls
  6 adders
  2 ufetubi (D:4)
  2 dart slugs (D:2)
  7 orcs
  6 endoplasms
  4 giant cockroaches
  11 goblins
  9 hobgoblins
  5 kobolds
  2 quokkas
  7 ball pythons
  6 bats
  A frilled lizard (D:1)
  4 rats
91 creatures vanquished.

Vanquished Creatures (others)
  10 toadstools (D:3)
10 creatures vanquished.

Grand Total: 101 creatures vanquished

Notes
Turn   | Place    | Note
-------+----------+-------------------------------------------
     0 | D:1      | benadryl the Meteoran Fighter began the quest for the Orb.
     0 | D:1      | Reached XP level 1. HP: 19/19 MP: 2/2
    35 | D:1      | Reached XP level 2. HP: 25/26 MP: 3/3
    59 | D:1      | Reached skill level 3 in Long Blades
    59 | D:1      | Reached XP level 3. HP: 18/31 MP: 4/4
    80 | D:1      | Found a faded altar of an unknown god.
   498 | D:2      | Reached XP level 4. HP: 40/40 MP: 5/5
   514 | D:2      | Noticed Robin
   530 | D:2      | Killed Robin
   533 | D:2      | Reached skill level 4 in Long Blades
   615 | D:2      | Reached XP level 5. HP: 41/46 MP: 6/6
   847 | D:3      | Noticed Sigmund
  1041 | D:3      | Found a transporter.
  1042 | D:3      | Noticed Flarelocke's ghost (amateur TrFi)
  1062 | D:3      | Found a transporter.
  1421 | D:3      | Reached skill level 5 in Long Blades
  1421 | D:3      | Reached XP level 6. HP: 51/52 MP: 7/7
  1532 | D:3      | Reached skill level 5 in Shields
  1684 | D:4      | Reached XP level 7. HP: 47/60 MP: 8/8
  1718 | D:4      | Reached skill level 6 in Long Blades
  1952 | D:4      | Found a shimmering altar of Xom.
  1994 | D:5      | Entered Level 5 of the Dungeon
  2022 | D:5      | Found a staircase to the Ecumenical Temple.
  2031 | Temple   | Entered the Ecumenical Temple
  2117 | Temple   | Became a worshipper of Warmaster Okawaru
  2188 | D:5      | Reached skill level 5 in Fighting
  2210 | D:5      | Found a runed translucent door.
  2216 | D:5      | Noticed GigaChad's ghost (novice MiFi)
  2235 | D:5      | Reached skill level 1 in Invocations
  2410 | D:5      | Noticed Pikel
  2434 | D:5      | HP: 1/61 [Pikel/+0 whip of flaming (3)]
  2434 | D:5      | Slain by Pikel

Illustrated notes

Levels and vault maps discovered:
D:1:      saegor_arrival_simple_c, layout_rooms,
          hellmonk_ecumenical_altar_slurped_away
D:2:      layout_basic, minmay_liquid_box, grunt_ministairs_13, uniq_robin
D:3:      cheibrodos_fertilizer, layout_loops_ring, kennysheep_vampire_church,
          gammafunk_ghost_stat_death, uniq_sigmund
D:4:      layout_basic, overflow_temple_1_default
D:5:      layout_basic, lemuel_round_altar, minmay_temple_entry_mist,
          ebering_ghost_sewer_d, uniq_pikel
Temple:   minmay_temple_curvy_loop

Skill      XL: |  1  2  3  4  5  6  7 |
---------------+----------------------+-----
Long Blades    | 3 4 5 6 |  6.9
Shields        | 4 5 |  5.5
Fighting       | 4 5 |  5.2
Invocations    | 1 |  1.7
Armour         | |  3.6

Action                   |  1- 3 |  4- 6 |  7- 9 || total
-------------------------+-------+-------+-------++-------
Melee: Long sword        |    80 |   156 |    94 ||   330
  Use: Potion            |       |     1 |       ||     1
       Scroll            |       |       |     6 ||     6
Armor: Scale mail        |    60 |    65 |    48 ||   173
       Chain mail        |       |       |     6 ||     6
Dodge: Dodged            |    36 |    70 |    44 ||   150
Block: Buckler           |    20 |    52 |    26 ||    98
